 Dungeon Sprint DCSS version 0.21.1 (webtiles) character file.

813 Lapis the Blocker (level 7, -2/63 HPs)
             Began as a Gnoll Fighter on Feb 3, 2018.
             Was a Follower of Cheibriados.
             Slain by a yaktaur captain (9 damage)
             ... in the Dungeon (Sprint II: "The Violet Keep of Menkaure").
             The game lasted 00:01:56 (626 turns).

Lapis the Blocker (Gnoll Fighter)                    Turns: 626, Time: 00:01:57

Health: -2/63      AC:  8    Str: 24    XL:     7   Next: 93%
Magic:  15/15      EV: 13    Int: 13    God:    Cheibriados [*.....]
Gold:   729        SH: 12    Dex: 17    Spells: 17/17 levels left

rFire    . . .     SeeInvis .   a - +0 long sword
rCold    . . .     Gourm    .   c - +0 shield
rNeg     . . .     Faith    .   b - +0 scale mail
rPois    .         Spirit   .   (no helmet)
rElec    .         Reflect  .   (no cloak)
rCorr    .         Harm     .   (no gloves)
MR       .....     NoTele   +   (no boots)
Stlth    ++........             (no amulet)
HPRegen  0.20/turn              (no ring)
MPRegen  0.14/turn              (no ring)

@: very slow
A: distributed training, fangs 1, strong nose
a: Bend Time, Renounce Religion


You were in the Dungeon.
You worshipped Cheibriados.
Cheibriados was aware of your devotion.
You were not hungry.

You visited 1 branch You collected 729 gold pieces.

Inventory:

Hand Weapons
 a - a +0 long sword (weapon)
Armour
 b - a +0 scale mail (worn)
 c - a +0 shield (worn)
Scrolls
 k - a scroll of blinking
Potions
 e - a potion of curing
 g - a potion of heal wounds
 h - a potion of haste
 i - 2 potions of magic
Comestibles
 d - 4 chunks of flesh
 f - a ration


   Skills:
 + Level 8.9 Fighting
 + Level 5.9 Short Blades
 + Level 7.5 Long Blades
 + Level 5.9 Axes
 + Level 5.9 Maces & Flails
 + Level 5.9 Polearms
 + Level 5.9 Staves
 + Level 5.9 Slings
 + Level 5.9 Bows
 + Level 5.9 Crossbows
 + Level 5.9 Throwing
 + Level 8.9 Armour
 + Level 5.9 Dodging
 + Level 5.9 Stealth
 + Level 8.9 Shields
 + Level 5.9 Unarmed Combat
 + Level 5.9 Spellcasting
 + Level 4.8 Conjurations
 + Level 4.8 Hexes
 + Level 4.8 Charms
 + Level 4.8 Summonings
 + Level 4.8 Necromancy
 + Level 4.8 Translocations
 + Level 4.8 Transmutations
 + Level 4.8 Fire Magic
 + Level 4.8 Ice Magic
 + Level 4.8 Air Magic
 + Level 4.8 Earth Magic
 + Level 4.8 Poison Magic
 + Level 6.4 Invocations
 + Level 5.9 Evocations


You had 17 spell levels left.
You didn't know any spells.

Dungeon Overview and Level Annotations

Branches:
Dungeon (1/1)

Altars:
Cheibriados
Dithmenos
Elyvilon
Fedhas
Gozag
Hepliaklqana
Kikubaaqudgha
Makhleb
Nemelex Xobeh
Okawaru
Qazlal
Ru
Sif Muna
Trog
Uskayaw
Vehumet
Wu Jian
Xom
Yredelemnul
Zin
The Shining One
Beogh
Jiyva
Lugonu

Shops:
D }:([=:[(!(}=?%!}

Annotations:
D exclusion: oklob plant, Kirke, Menkaure


Innate Abilities, Weirdness & Mutations

Your experience applies equally to all skills.
You have very sharp teeth.
Your uncanny sense of smell can sniff out nearby items.


Message History

Menkaure seems to speed up.
You slash the yaktaur captain! You bite the yaktaur captain.
The yaktaur captain is severely wounded.
The yaktaur captain barely misses you.
You riposte.
You slash the yaktaur captain!
The yaktaur captain is almost dead.
You hit the yaktaur captain but do no damage.
The yaktaur captain is almost dead.
The yaktaur captain hits you!
* * * LOW HITPOINT WARNING * * *
Unknown command.
You hit the yaktaur captain but do no damage.
You bite the yaktaur captain.
The yaktaur captain is almost dead.
Menkaure calls on the powers of darkness!
The yaktaur captain convulses!
Kirke convulses!
Your body is wracked with pain!
* * * LOW HITPOINT WARNING * * *
The elephant convulses!
The kobold demonologist convulses!
The yaktaur captain hits you!
You die...

##########c≈#++
#########≈≈≈... ..
.∩.∩....#≈≈≈≈.##+# .. ∆
..∩.∩...#≈≈≈≈###.###.###
...∩.∩..#≈≈≈≈#..#..# ...
....∩.⌠.#hK####.#.####..
...∩.∩..#Y##.###+###.##.
..∩.∩..@#@#.).##.##∆#.#.
.∩.∩....cM+.#.'.<.+###+.
∩.∩.....#≈#...##.##.#.#.
▓▓▓▓▓▓###≈##.###+###.##.
$$Y######≈≈### ###≈≈
!$E# ∆ ##≈≈ #≈≈≈≈ ∩P$ ∆
+#≈ ∆ #≈§≈≈ ?(∆ ∆ ∆ ≈≈
#≈≈≈≈≈ ∆ ≈≈ ≈≈≈≈≈§§


You could see Kirke, an iron elemental, a death yak, a yaktaur captain, an
elephant, a hell hog, an oklob plant, a centaur warrior (wandering), a kobold
demonologist and Menkaure.

Vanquished Creatures
  A merfolk siren (D)
  2 hippogriffs (D)
  A crocodile (D)
  4 worker ants (D)
8 creatures vanquished.

Notes
Turn   | Place    | Note
-------+----------+-------------------------------------------
     0 | D        | Lapis the Gnoll Fighter began the quest for the Orb.
     0 | D        | Reached XP level 1. HP: 23/23 MP: 1/1
     1 | D        | Noticed a hippogriff
     1 | D        | Noticed a hippogriff
     8 | D        | Killed a hippogriff
     8 | D        | Reached skill level 5 in Long Blades
     8 | D        | Reached XP level 2. HP: 31/31 MP: 1/6
     8 | D        | Reached XP level 3. HP: 36/36 MP: 1/8
     8 | D        | Reached XP level 4. HP: 43/43 MP: 1/9
     8 | D        | Reached XP level 5. HP: 48/48 MP: 1/10
    10 | D        | Killed a hippogriff
    10 | D        | Reached skill level 5 in Invocations
    10 | D        | Reached XP level 6. HP: 56/56 MP: 1/12
    22 | D        | Found a blossoming altar of Fedhas.
    23 | D        | Found a white marble altar of Elyvilon.
    23 | D        | Found an opulent altar of Gozag.
    23 | D        | Found a burning altar of Makhleb.
    24 | D        | Found a shadowy altar of Dithmenos.
    24 | D        | Found a corrupted altar of Lugonu.
    25 | D        | Found a snail-covered altar of Cheibriados.
    25 | D        | Found an ancient bone altar of Kikubaaqudgha.
    25 | D        | Found a bloodstained altar of Trog.
    26 | D        | Found a roughly hewn altar of Beogh.
    26 | D        | Found a viscous altar of Jiyva.
    26 | D        | Found a deep blue altar of Sif Muna.
    27 | D        | Found a hazy altar of Hepliaklqana.
    27 | D        | Found a sacrificial altar of Ru.
    28 | D        | Found a shimmering altar of Xom.
    29 | D        | Found a stormy altar of Qazlal.
    29 | D        | Found an ornate altar of the Wu Jian Council.
    29 | D        | Found a sparkling altar of Nemelex Xobeh.
    29 | D        | Found a hide-covered altar of Uskayaw.
    29 | D        | Found a basalt altar of Yredelemnul.
    29 | D        | Found a glowing golden altar of the Shining One.
    30 | D        | Found a radiant altar of Vehumet.
    30 | D        | Found an iron altar of Okawaru.
    30 | D        | Found a glowing silver altar of Zin.
    34 | D        | Became a worshipper of Cheibriados the Contemplative
   112 | D        | Reached * piety under Cheibriados
   112 | D        | Reached skill level 5 in Short Blades
   112 | D        | Reached skill level 5 in Axes
   112 | D        | Reached skill level 5 in Maces & Flails
   112 | D        | Reached skill level 5 in Polearms
   112 | D        | Reached skill level 5 in Staves
   112 | D        | Reached skill level 5 in Slings
   112 | D        | Reached skill level 5 in Bows
   112 | D        | Reached skill level 5 in Crossbows
   112 | D        | Reached skill level 5 in Throwing
   112 | D        | Reached skill level 5 in Dodging
   112 | D        | Reached skill level 5 in Stealth
   112 | D        | Reached skill level 5 in Unarmed Combat
   112 | D        | Reached skill level 5 in Spellcasting
   112 | D        | Reached skill level 5 in Evocations
   112 | D        | Reached XP level 7. HP: 30/63 MP: 14/14
   530 | D        | Noticed a merfolk siren
   540 | D        | Killed a merfolk siren
   597 | D        | Found Rihim's Food Emporium.
   597 | D        | Found Fathakhlu's Gadget Emporium.
   597 | D        | Found Buwnyiwk's Magic Scroll Shoppe.
   597 | D        | Found Vegeogu's Distillery.
   597 | D        | Found Bikoga's Jewellery Emporium.
   598 | D        | Found Cikkamp's Antique Weapon Shoppe.
   598 | D        | Found Efilat's Distillery.
   598 | D        | Found Burebb's Antique Weapon Shoppe.
   599 | D        | Found Zeopto's Antique Armour Emporium.
   599 | D        | Found Narokloa's Book Shoppe.
   599 | D        | Found Nuloz's Jewellery Shoppe.
   601 | D        | Found Rurcheoc's Gadget Emporium.
   601 | D        | Noticed a death yak
   602 | D        | Found Hiuvud's Antique Armour Shoppe.
   602 | D        | Found Tezxute's Antique Weapon Emporium.
   602 | D        | Noticed Menkaure
   602 | D        | Noticed an oklob plant
   603 | D        | Found Tuewol's Gadget Shoppe.
   603 | D        | Found Voippol's Book Shoppe.
   604 | D        | Noticed an iron elemental
   606 | D        | Noticed a yaktaur captain
   613 | D        | Noticed Kirke
   618 | D        | Noticed a kobold demonologist
   620 | D        | Noticed an elephant
   622 | D        | Noticed a hell hog
   626 | D        | Slain by a yaktaur captain

Skill      XL: |  1  2  3  4  5  6  7 |
---------------+----------------------+-----
Fighting       | 7 8 |  8.9
Short Blades   | 3 4 5 |  5.9
Long Blades    | 5 6 7 |  7.5
Axes           | 3 4 5 |  5.9
Maces & Flails | 3 4 5 |  5.9
Polearms       | 3 4 5 |  5.9
Staves         | 3 4 5 |  5.9
Slings         | 3 4 5 |  5.9
Bows           | 3 4 5 |  5.9
Crossbows      | 3 4 5 |  5.9
Throwing       | 3 4 5 |  5.9
Armour         | 7 8 |  8.9
Dodging        | 3 4 5 |  5.9
Stealth        | 3 4 5 |  5.9
Shields        | 7 8 |  8.9
Unarmed Combat | 3 4 5 |  5.9
Spellcasting   | 3 4 5 |  5.9
Conjurations   | 2 3 4 |  4.8
Hexes          | 2 3 4 |  4.8
Charms         | 2 3 4 |  4.8
Summonings     | 2 3 4 |  4.8
Necromancy     | 2 3 4 |  4.8
Translocations | 2 3 4 |  4.8
Transmutations | 2 3 4 |  4.8
Fire Magic     | 2 3 4 |  4.8
Ice Magic      | 2 3 4 |  4.8
Air Magic      | 2 3 4 |  4.8
Earth Magic    | 2 3 4 |  4.8
Poison Magic   | 2 3 4 |  4.8
Invocations    | 4 5 6 |  6.4
Evocations     | 3 4 5 |  5.9

Action                   |  1- 3 |  4- 6 |  7- 9 || total
-------------------------+-------+-------+-------++-------
Melee: Long sword        |     5 |    29 |    24 ||    58
       Bite              |     1 |     9 |     7 ||    17
  Use: Potion            |     2 |       |       ||     2
Armor: Scale mail        |     4 |     7 |     1 ||    12
Dodge: Dodged            |     3 |    14 |     4 ||    21
Block: Shield            |     5 |    20 |     7 ||    32
       Rpst.: Long sword |     1 |     3 |     2 ||     6
